 Dungeon Crawl Stone Soup version 0.30-a0-149-g7f746667c4 (webtiles) character file.

Game seed: 2728064541840754064

32127 rageheart7 the Skirmisher (level 13, -5/103 HPs)
             Began as a Gnoll Hunter on Sept 26, 2022.
             Was a High Priest of Okawaru.
             Slain by a jumping spider (11 damage)
             ... on level 2 of the Lair of Beasts.
             The game lasted 00:34:15 (16610 turns).

rageheart7 the Skirmisher (Gnoll Hunter)           Turns: 16610, Time: 00:34:15

Health: -5/103     AC: 14    Str: 10    XL:     13   Next: 62%
Magic:  25/25      EV:  9    Int: 10    God:    Okawaru [*****.]
Gold:   901        SH:  0    Dex: 26    Spells: 29/29 levels left

rFire   . . .      SeeInvis .    b - +2 scimitar (flame)
rCold   . . .      Faith    .    (no shield)
rNeg    . . .      Spirit   .    L - +1 chain mail of Hedonism {Rampage Fly rCorr}
rPois   .          Reflect  .    F - +0 helmet
rElec   .          Harm     .    t - +0 cloak {rCorr}
rCorr   +          Rampage  +    (no gloves)
Will    .....                    (no boots)
Stlth   ++........               e - amulet of Vitality {RegenMP++ Regen++}
HPRegen 1.87/turn                B - +4 ring of slaying
MPRegen 0.99/turn                C - +6 ring of dexterity

@: about to teleport, flying
A: fangs 1, strong nose, distributed training
a: Renounce Religion, Heroism, Finesse, Duel


You were on level 2 of the Lair of Beasts.
You worshipped Okawaru.
Okawaru was extremely pleased with you.
You visited 3 branches of the dungeon, and saw 15 of its levels.
You also visited: Bailey.

You collected 901 gold pieces.

Inventory:

Hand Weapons
 a - a +2 vorpal sling
 b - a +2 scimitar of flaming (weapon)
Missiles
 g - 2 silver javelins
 h - 2 throwing nets
 v - 4 javelins
 z - 23 poisoned darts (quivered)
Armour
 t - a +0 cloak of preservation (worn)
 F - a +0 helmet (worn)
 L - the +1 chain mail of Hedonism (worn) {Rampage Fly rCorr}
   (Okawaru gifted it to you on level 2 of the Lair of Beasts)

   Fly:       It grants you flight.
   rCorr:     It protects you from acid and corrosion.
   Rampage:   It bestows one free step when moving towards enemies.
Jewellery
 e - the amulet of Vitality (around neck) {RegenMP++ Regen++}
   (You found it on level 11 of the Dungeon)

   [amulet of magic regeneration]

   It increases your rate of magic regeneration.
   Regen:     It increases your rate of health regeneration.
 B - a +4 ring of slaying (left hand)
 C - a +6 ring of dexterity (right hand)
Wands
 o - a wand of flame (44)
 D - a wand of iceblast (24)
 G - a wand of polymorph (6)
 K - a wand of paralysis (2)
Scrolls
 d - 3 scrolls of immolation
 k - 2 scrolls of enchant armour
 l - 6 scrolls of vulnerability
 n - a scroll of fog
 r - 2 scrolls of silence
 E - a scroll of brand weapon
 J - 3 scrolls of fear
Potions
 c - 3 potions of attraction
 f - 4 potions of haste
 i - 2 potions of mutation {unknown}
 j - 2 potions of resistance
 m - 2 potions of magic {unknown}
 p - 7 potions of flight
 q - 6 potions of curing
 w - 9 potions of ambrosia
 x - 2 potions of brilliance {unknown}
 A - 3 potions of heal wounds
 H - 2 potions of cancellation
 I - 2 potions of might


   Skills:
 + Level 9.9 Fighting
 + Level 8.7 Short Blades
 + Level 8.7 Long Blades
 + Level 8.7 Axes
 + Level 8.7 Maces & Flails
 + Level 8.7 Polearms
 + Level 8.7 Staves
 + Level 12.1 Ranged Weapons
 + Level 8.7 Throwing
 + Level 8.7 Armour
 + Level 9.9 Dodging
 + Level 9.0 Stealth
 + Level 8.7 Shields
 + Level 8.7 Unarmed Combat
 + Level 8.7 Spellcasting
 + Level 7.2 Conjurations
 + Level 7.2 Hexes
 + Level 7.2 Summonings
 + Level 7.2 Necromancy
 + Level 7.2 Translocations
 + Level 7.2 Transmutations
 + Level 7.2 Fire Magic
 + Level 7.2 Ice Magic
 + Level 7.2 Air Magic
 + Level 7.2 Earth Magic
 + Level 7.2 Poison Magic
 + Level 9.5 Invocations
 + Level 8.7 Evocations


You had 29 spell levels left.
You didn't know any spells.
Your spell library contained the following spells:

 Spells                   Type           Power      Damage    Failure   Level
 Sting                    Tmut/Pois      72%        1d6       30%         1
 Poisonous Vapours        Pois/Air       36%        N/A       41%         2
 Ignite Poison            Fire/Tmut/Pois 18%        N/A       65%         3
 Mephitic Cloud           Conj/Pois/Air  18%        N/A       65%         3
 Olgreb's Toxic Radiance  Pois           18%        N/A       96%         4
 Passage of Golubria      Tloc           18%        N/A       96%         4
 Freezing Cloud           Conj/Ice/Air   9%         6-21      100%        5
 Yara's Violent Unravell  Hex/Tmut       9%         3d6       100%        5
 Chain Lightning          Conj/Air       9%         3d12      100%        9
 Fire Storm               Conj/Fire      9%         8d2       100%        9
 Shatter                  Erth           9%         3d11*     100%        9
 Tukima's Dance           Hex            Unusable   N/A       N/A         3
 Animate Dead             Necr           Unusable   N/A       N/A         4
 Haunt                    Necr/Summ      Unusable   N/A       N/A         7
 Infestation              Necr           Unusable   N/A       N/A         8

Dungeon Overview and Level Annotations

Branches:
Dungeon (12/15)            Temple (1/1) D:7            Lair (2/5) D:10
 Shoals (0/4) Lair:2       Spider (0/4) Lair:2          Orc (0/2) D:10
 Bailey (visited)

Altars:
Ashenzari
Cheibriados
Dithmenos
Elyvilon
Fedhas
Gozag
Hepliaklqana
Kikubaaqudgha
Makhleb
Nemelex Xobeh
Okawaru
Qazlal
Ru
Sif Muna
Trog
Uskayaw
Vehumet
Wu Jian
Xom
Yredelemnul
Zin
The Shining One

Shops:
D:3 (   D:6 **[*

Annotations:
D:6 2 transporters


Innate Abilities, Weirdness & Mutations

You have very sharp teeth.
Your uncanny sense of smell can sniff out nearby items.
Your experience applies equally to all skills.


Message History

The culicivora draws strength from your injuries!
The jumping spider pounces on you but does no damage.
The jumping spider barely misses you.
Your +2 scimitar of flaming bursts into flame!
b - a +2 scimitar of flaming (weapon)
The culicivora's wounds heal themselves!
The culicivora bites you but does no damage.
You slash the culicivora! You burn the culicivora.
The culicivora is moderately wounded.
The jumping spider pounces on you! The jumping spider bites you.
The culicivora bites you.
The culicivora draws strength from your injuries!
The jumping spider barely misses you.
The jumping spider bites you but does no damage.
As you read the scroll of teleportation, it crumbles to dust.
You feel strangely unstable. The culicivora barely misses you.
The culicivora bites you but does no damage.
The jumping spider pounces on you.
The jumping spider bites you but does no damage.
The culicivora bites you.
The culicivora draws strength from your injuries!
The culicivora attacks as you move away!
The culicivora bites you!
The culicivora draws strength from your injuries!
The culicivora bites you!!
* * * LOW HITPOINT WARNING * * *
The culicivora draws strength from your injuries!
The jumping spider pounces on you but does no damage.
The jumping spider bites you but does no damage.
The jumping spider pounces on you.
* * * LOW HITPOINT WARNING * * *
The jumping spider bites you.
* * * LOW HITPOINT WARNING * * *
The culicivora misses you.
The culicivora attacks as you move away!
The culicivora bites you!
* * * LOW HITPOINT WARNING * * *
The culicivora draws strength from your injuries!
The jumping spider pounces on you!
You die...

...#####..........###..>. ###....
..## ##......##..#.^....#####...
..## ##.......#####..^..##P##....
...# #...(....# ##.^..^##........
..####...(.(..###.^.^^##.........
.####....(........^.###.###.#....
..##............s.###...# ###...P
.>.........(...ss###P...# ##...
........#.......@# #....# ##..
....P#####.......###..### #..
#....## #....###..#..# #..
#.#...## #.....P##....## ##.
##.....####....P.......# #### #.
####...##.........#...###..#####
#............####...P#.....#†
##.........### ##..P......#.
##.......## #P.........#†


You could see 2 culicivoras and a jumping spider.

Vanquished Creatures
  An orc warlord (Bailey)
  Harold (Lair:2)
  2 boulder beetles
  A two-headed ogre (D:11)
  A deep troll (D:11)
  A wizard (D:11)
  Pikel (D:8)
  A manticore (D:11)
  A cyclops (D:11)
  5 elephants (Lair:1)
  Joseph (D:8)
  4 cane toads
  A kobold demonologist (D:9)
  4 komodo dragons
  A queen bee (Lair:2)
  A troll (D:10)
  7 blink frogs (Lair:2)
  Grinder (D:4)
  A hornet (D:9)
  Prince Ribbit (Lair:2)
  A tarantella (shapeshifter) (D:11)
  4 wyverns
  A wraith (D:10)
  A vampire (D:10)
  29 yaks
  2 steam dragons
  4 wargs (D:10)
  An acid dragon (D:10)
  5 water moccasins
  Duvessa (D:6)
  2 black bears (D:10)
  2 sky beasts
  6 orc warriors
  2 ice beasts
  An ogre (D:7)
  4 wolves (Lair:2)
  5 centaurs
  2 lemures (D:8)
  A phantom (D:6)
  A kobold brigand (D:9)
  A necrophage (D:4)
  10 bullfrogs
  3 scorpions
  A wight (D:8)
  Dowan (D:6)
  27 killer bees
  3 howler monkeys
  8 orc priests
  2 hounds (D:7)
  4 jellies
  An iguana (D:4)
  9 orc wizards
  6 gnolls
  9 adders
  6 shadow imps
  A white imp (D:7)
  2 worms (D:4)
  5 dart slugs
  42 orcs
  8 endoplasms
  3 giant cockroaches
  11 goblins
  12 hobgoblins
  7 jackals
  19 kobolds
  2 quokkas
  8 ball pythons
  2 bats
  4 rats
329 creatures vanquished.

Vanquished Creatures (collateral kills)
  A hornet (D:7)
  A ball python (D:3)
2 creatures vanquished.

Vanquished Creatures (others)
  Erica (D:8)
  A sky beast (D:7)
  41 fungi
  44 plants
87 creatures vanquished.

Grand Total: 418 creatures vanquished

Notes
Turn   | Place    | Note
-------+----------+-------------------------------------------
     0 | D:1      | rageheart7 the Gnoll Hunter began the quest for the Orb.
     0 | D:1      | Reached XP level 1. HP: 20/20 MP: 1/1
   216 | D:1      | Reached XP level 2. HP: 24/26 MP: 2/2
  1153 | D:2      | Reached XP level 3. HP: 6/31 MP: 2/4
  1637 | D:2      | Reached skill level 1 in Invocations
  1966 | D:2      | Reached skill level 1 in Short Blades
  1966 | D:2      | Reached skill level 1 in Long Blades
  1966 | D:2      | Reached skill level 1 in Axes
  1966 | D:2      | Reached skill level 1 in Maces & Flails
  1966 | D:2      | Reached skill level 1 in Polearms
  1966 | D:2      | Reached skill level 1 in Staves
  1966 | D:2      | Reached skill level 1 in Throwing
  1966 | D:2      | Reached skill level 1 in Armour
  1966 | D:2      | Reached skill level 1 in Shields
  1966 | D:2      | Reached skill level 1 in Unarmed Combat
  1966 | D:2      | Reached skill level 1 in Spellcasting
  1966 | D:2      | Reached skill level 1 in Evocations
  1972 | D:2      | Reached XP level 4. HP: 8/38 MP: 5/5
  2364 | D:2      | Reached skill level 1 in Conjurations
  2364 | D:2      | Reached skill level 1 in Hexes
  2364 | D:2      | Reached skill level 1 in Summonings
  2364 | D:2      | Reached skill level 1 in Necromancy
  2364 | D:2      | Reached skill level 1 in Translocations
  2364 | D:2      | Reached skill level 1 in Transmutations
  2364 | D:2      | Reached skill level 1 in Fire Magic
  2364 | D:2      | Reached skill level 1 in Ice Magic
  2364 | D:2      | Reached skill level 1 in Air Magic
  2364 | D:2      | Reached skill level 1 in Earth Magic
  2364 | D:2      | Reached skill level 1 in Poison Magic
  2367 | D:2      | Reached XP level 5. HP: 23/43 MP: 5/7
  3119 | D:3      | Found a hide-covered altar of Uskayaw.
  3450 | D:3      | Found Abilaen's Weapon Shoppe.
  3725 | D:3      | Reached skill level 5 in Fighting
  3725 | D:3      | Reached skill level 5 in Dodging
  3725 | D:3      | Reached XP level 6. HP: 26/51 MP: 8/8
  4119 | D:4      | Found a glowing silver altar of Zin.
  4149 | D:4      | Found an opulent altar of Gozag.
  4220 | D:4      | Noticed Grinder
  4241 | D:4      | Paralysed by Grinder for 5 turns
  4256 | D:4      | Killed Grinder
  4257 | D:4      | Reached XP level 7. HP: 15/56 MP: 10/10
  4575 | D:4      | Reached skill level 9 in Ranged Weapons
  4987 | D:4      | Found a transporter.
  5006 | D:4      | Found a transporter.
  5035 | D:4      | Identified the +6 spear "Gel Vai" {vamp, rPois rC- Str+5}
  5039 | D:4      | Found a blossoming altar of Fedhas.
  5414 | D:5      | Entered Level 5 of the Dungeon
  5431 | D:4      | Reached XP level 8. HP: 33/63 MP: 4/12
  6129 | D:6      | Found Ylocaj's General Store.
  6129 | D:6      | Found Degumick's General Store.
  6359 | D:6      | Found a transporter.
  6470 | D:6      | Found Coclilado's General Store.
  6742 | D:6      | Noticed Duvessa
  6742 | D:6      | Noticed Dowan
  6775 | D:6      | Killed Duvessa
  6786 | D:6      | Killed Dowan
  7084 | D:6      | Found a transporter.
  7126 | D:6      | Found Zojo Den's Armour Shoppe.
  7441 | D:7      | Noticed a hornet
  7559 | D:7      | Reached XP level 9. HP: 69/69 MP: 12/14
  7574 | D:7      | Found a staircase to the Ecumenical Temple.
  7652 | D:7      | Killed a hornet
  7936 | D:7      | Reached skill level 5 in Stealth
  8090 | D:7      | Reached skill level 5 in Invocations
  9049 | Temple   | Entered the Ecumenical Temple
  9099 | Temple   | Became a worshipper of Warmaster Okawaru
  9559 | D:8      | Reached skill level 5 in Short Blades
  9559 | D:8      | Reached skill level 5 in Long Blades
  9559 | D:8      | Reached skill level 5 in Axes
  9559 | D:8      | Reached skill level 5 in Maces & Flails
  9559 | D:8      | Reached skill level 5 in Polearms
  9559 | D:8      | Reached skill level 5 in Staves
  9559 | D:8      | Reached skill level 5 in Throwing
  9559 | D:8      | Reached skill level 5 in Armour
  9559 | D:8      | Reached skill level 5 in Shields
  9559 | D:8      | Reached skill level 5 in Unarmed Combat
  9559 | D:8      | Reached skill level 5 in Spellcasting
  9559 | D:8      | Reached skill level 5 in Evocations
  9559 | D:8      | Reached XP level 10. HP: 71/77 MP: 14/17
  9712 | D:8      | Noticed Joseph
  9715 | D:8      | Noticed Erica
  9725 | D:8      | Killed Erica
  9726 | D:8      | Reached skill level 10 in Ranged Weapons
  9726 | D:8      | Killed Joseph
  9726 | D:8      | Reached * piety under Okawaru
 10342 | D:8      | Noticed Pikel
 10360 | D:8      | Killed Pikel
 10657 | D:9      | Reached ** piety under Okawaru
 10659 | D:9      | Noticed a kobold demonologist
 10661 | D:9      | Noticed a sun demon
 10670 | D:9      | Killed a kobold demonologist
 10937 | D:9      | Found a bloodstained altar of Trog.
 10991 | D:9      | Reached *** piety under Okawaru
 10992 | D:9      | Reached skill level 5 in Conjurations
 10992 | D:9      | Reached skill level 5 in Hexes
 10992 | D:9      | Reached skill level 5 in Summonings
 10992 | D:9      | Reached skill level 5 in Necromancy
 10992 | D:9      | Reached skill level 5 in Translocations
 10992 | D:9      | Reached skill level 5 in Transmutations
 10992 | D:9      | Reached skill level 5 in Fire Magic
 10992 | D:9      | Reached skill level 5 in Ice Magic
 10992 | D:9      | Reached skill level 5 in Air Magic
 10992 | D:9      | Reached skill level 5 in Earth Magic
 10992 | D:9      | Reached skill level 5 in Poison Magic
 10992 | D:9      | Reached XP level 11. HP: 75/85 MP: 17/20
 11399 | D:9      | Found a white marble altar of Elyvilon.
 11423 | D:9      | Identified the +8 morningstar of the Kidney {speed, +Blink
                  | rElec rC- Str+4}
 11546 | D:10     | Entered Level 10 of the Dungeon
 11568 | D:10     | Noticed a boulder beetle
 11588 | D:10     | Found a flagged portal.
 11615 | Bailey   | Entered a bailey
 11628 | Bailey   | Noticed an orc warlord
 11718 | Bailey   | Found a runed translucent gate.
 11719 | Bailey   | Found a runed translucent gate.
 11725 | Bailey   | Found a runed translucent gate.
 11807 | Bailey   | Killed an orc warlord
 11957 | Bailey   | Reached skill level 11 in Ranged Weapons
 11957 | Bailey   | Reached XP level 12. HP: 94/94 MP: 20/22
 12031 | D:10     | Reached **** piety under Okawaru
 12363 | D:10     | Found a staircase to the Orcish Mines.
 12408 | D:10     | Found a staircase to the Lair.
 12542 | D:10     | Found a transporter.
 12616 | D:10     | Killed a boulder beetle
 13004 | D:10     | Found a burning altar of Makhleb.
 13403 | D:10     | Reached ***** piety under Okawaru
 13584 | D:11     | Noticed a boulder beetle
 13607 | D:11     | Killed a boulder beetle
 13978 | D:11     | Noticed a two-headed ogre
 13992 | D:11     | Killed a two-headed ogre
 13992 | D:11     | Identified the +1 scale mail of the Grand God {Int+5}
                  | (Okawaru gifted it to you on level 11 of the Dungeon)
 13992 | D:11     | Received a gift from Okawaru
 14204 | D:11     | Found the amulet of Vitality {RegenMP++ Regen++}
 14686 | D:11     | Reached XP level 13. HP: 72/101 MP: 23/25
 14834 | Lair:1   | Entered Level 1 of the Lair of Beasts
 15528 | Lair:2   | Noticed Harold
 15536 | Lair:2   | Noticed Prince Ribbit
 15548 | Lair:2   | HP: 3/101 [cane toad (20)]
 15885 | Lair:2   | Reached skill level 12 in Ranged Weapons
 16102 | Lair:2   | Found a hole to the Spider Nest.
 16250 | Lair:2   | Killed Prince Ribbit
 16266 | Lair:2   | Received a gift from Okawaru
 16289 | Lair:2   | Killed Harold
 16305 | Lair:2   | Identified the +1 chain mail of Hedonism {Rampage Fly
                  | rCorr} (Okawaru gifted it to you on level 2 of the Lair of
                  | Beasts)
 16305 | Lair:2   | Received a gift from Okawaru
 16445 | Lair:2   | Found a staircase to the Shoals.
 16610 | Lair:2   | HP: 4/103 [culicivora (13)]
 16610 | Lair:2   | Slain by a jumping spider

Illustrated notes

Levels and vault maps discovered:
D:1:      amcnicky_arrival_gap_in_the_tavern_cellar, layout_basic,
          shapermc_ecumenical_altar_petra, nicolae_eternal_life,
          minmay_misc_feat_tiny
D:2:      layout_basic, kennysheep_generic_room_10
D:3:      layout_basic, eat_drink_and_be_merry_uskayaw, serial_shops, shop,
          minmay_misc_feat_rows
D:4:      gammafunk_wand_slinger, layout_basic, amcnicky_altar_gilded,
          mainiacjoe_overflow_cross_hatched, grunt_gozag_breadcrumbs,
          serial_bayou, serial_bayou_lagoon_a, serial_bayou_pond_e,
          serial_bayou_pond_e, serial_bayou_pond_b, uniq_grinder
D:5:      layout_rooms
D:6:      gammafunk_cloud_chamber, layout_basic, serial_shops,
          nicolae_shop_temple_entry_statues_fountains, shop_fountains,
          nicolae_shop_trees, nicolae_shop_waterfront, serial_bayou_pond_e,
          minmay_small_thing, uniq_duvessa
D:7:      layout_loops_ring, minmay_temple_entry_waves
D:8:      layout_basic, serial_rivers, chequers_serial_rivers_micro_b,
          chequers_serial_rivers_room_a, chequers_serial_rivers_small_3,
          chequers_serial_rivers_micro_c, chequers_serial_rivers_large_b,
          kennysheep_generic_room_6, uniq_joseph, uniq_erica, uniq_pikel
D:9:      layout_basic, elyvilon_altar_4, lemuel_round_altar,
          amcnicky_mini_pool_small
D:10:     layout_cave_pods, kennysheep_mini, due_lair_maze_entry_diamond,
          minmay_orc_entry_guard_dogs, enter_bailey_7, kennysheep_donut,
          nicolae_diode_basic
D:11:     minmay_diamond_stairs, layout_cave_pods,
          hellmonk_guarded_unrand_vitality_bloodlust
D:12:     layout_loops_cross, serial_shops, nicolae_shop_bloodbath_and_beyond,
          nicolae_wu_jian_wuxing_cycle
Temple:   eino_wide_crystal_templ
Lair:1:   layout_long_grid, chequers_serial_rivers_small_a
Lair:2:   layout_layer_cave, elwin_shoals_entry_rocks,
          spider_nest_entry_funnel_web, special_room [special_room_bee],
          lemuel_fruit_tree, uniq_prince_ribbit2, uniq_harold

Skill      XL: |  1  2  3  4  5  6  7  8  9 10 11 12 13 |
---------------+----------------------------------------+-----
Invocations    | 1 2 3 4 5 6 7 8 9 |  9.5
Short Blades   | 1 2 3 5 6 7 8 |  8.7
Long Blades    | 1 2 3 5 6 7 8 |  8.7
Axes           | 1 2 3 5 6 7 8 |  8.7
Maces & Flails | 1 2 3 5 6 7 8 |  8.7
Polearms       | 1 2 3 5 6 7 8 |  8.7
Staves         | 1 2 3 5 6 7 8 |  8.7
Throwing       | 1 2 3 5 6 7 8 |  8.7
Armour         | 1 2 3 5 6 7 8 |  8.7
Shields        | 1 2 3 5 6 7 8 |  8.7
Unarmed Combat | 1 2 3 5 6 7 8 |  8.7
Spellcasting   | 1 2 3 5 6 7 8 |  8.7
Evocations     | 1 2 3 5 6 7 8 |  8.7
Conjurations   | 1 2 3 4 5 6 7 |  7.2
Hexes          | 1 2 3 4 5 6 7 |  7.2
Summonings     | 1 2 3 4 5 6 7 |  7.2
Necromancy     | 1 2 3 4 5 6 7 |  7.2
Translocations | 1 2 3 4 5 6 7 |  7.2
Transmutations | 1 2 3 4 5 6 7 |  7.2
Fire Magic     | 1 2 3 4 5 6 7 |  7.2
Ice Magic      | 1 2 3 4 5 6 7 |  7.2
Air Magic      | 1 2 3 4 5 6 7 |  7.2
Earth Magic    | 1 2 3 4 5 6 7 |  7.2
Poison Magic   | 1 2 3 4 5 6 7 |  7.2
Fighting       | 5 6 7 8 9 |  9.9
Dodging        | 5 6 7 8 9 |  9.9
Stealth        | 3 4 5 6 7 8 9 |  9.0
Ranged Weapons | 9 10 11 12 | 12.1

Action                   |  1- 3 |  4- 6 |  7- 9 | 10-12 | 13-15 || total
-------------------------+-------+-------+-------+-------+-------++-------
Melee: Whip              |    30 |       |       |       |       ||    30
       Bite              |     7 |     9 |    22 |    51 |    29 ||   118
       Dagger            |    31 |    82 |    59 |       |       ||   172
       Punch             |     1 |     3 |     8 |    22 |    22 ||    56
       Spear             |       |       |   167 |    13 |       ||   180
       Scimitar          |       |       |       |   337 |   200 ||   537
 Fire: Shortbow          |    21 |    52 |   156 |     4 |       ||   233
       Sling             |       |       |       |   186 |    65 ||   251
Throw: Dart              |       |       |       |       |    24 ||    24
Invok: Finesse           |       |       |       |     1 |     1 ||     2
       Heroism           |       |       |       |       |     4 ||     4
Evoke: Wand              |       |       |     2 |    13 |     3 ||    18
  Use: Scroll            |       |     9 |     8 |     7 |     6 ||    30
       Potion            |       |       |     4 |     3 |     3 ||    10
 Stab: Sleeping          |     3 |     1 |     5 |     1 |       ||    10
       Paralysed         |       |       |       |       |     2 ||     2
Armor: Leather armour    |     9 |    11 |    39 |    22 |       ||    81
       Skin              |       |       |    21 |       |       ||    21
       Troll leather arm |       |       |       |    24 |       ||    24
       Scale mail        |       |       |       |     4 |    47 ||    51
       Chain mail        |       |       |       |       |    11 ||    11
Dodge: Dodged            |    38 |    54 |   144 |   292 |   177 ||   705

Table legend: (Time is in decaauts)
 A = Elapsed time spent in this place.
 B = Non-inter-level travel time spent in this place.
 C = Inter-level travel time spent in this place.
 D = Time resting spent in this place.
 E = Time spent auto-exploring this place.
 F = Levels seen in this place.
 G = Mean time per level.
                   A        B        C        D        E       F      G
               +--------+--------+--------+--------+--------+-----+--------+
         Total |  16496 |  15802 |    694 |      0 |  12923 |  16 | 1031.0 |
       Dungeon |  14365 |  13727 |    638 |      0 |  11518 |  12 | 1197.1 |
        Temple |     65 |     51 |     14 |      0 |     33 |   1 |   65.0 |
          Lair |   1708 |   1667 |     41 |      0 |   1146 |   2 |  854.0 |
        Bailey |    357 |    357 |      0 |      0 |    226 |   1 |  357.0 |
               +--------+--------+--------+--------+--------+-----+--------+

Top non-repeatable levels by time:
     D:2: 1889 daAuts
    D:10: 1573 daAuts
     D:8: 1528 daAuts
     D:7: 1472 daAuts
     D:6: 1452 daAuts
     D:4: 1381 daAuts
     D:3: 1353 daAuts
    D:11: 1314 daAuts
  Lair:2: 1028 daAuts
     D:1: 991 daAuts
     D:9: 906 daAuts
  Lair:1: 679 daAuts
     D:5: 485 daAuts
  Bailey: 357 daAuts
  Temple: 65 daAuts
